cohdb
Replays
Latest Replays
All Replays
Popular Replays
Top Player Replays
Match Explorer
How It Works
Community
CoH3 Stats
Reddit
Sign in to upload your games and track your stats! →
Sign in with Steam
Match 45450920
Unlisted
Match 45450920
Overview
Messages
Build Orders
End
Engineer Squad
Selects Armored Battlegroup
Selects Assault Engineers
Assault Engineer Squad
Assault Engineer Squad
Construct Weapon Support Center
Assault Engineer Squad
Construct Medical Station
Selects M31 Recovery Vehicle
Infantry Support Center
M1919 Machine Gun Team
M3 Armored Personnel Carrier
Bazooka Squad
Selects War Machine
Construct Motor Pool
Advanced Logistics
M24 Chaffee Light Tank
Stana
Skeng.Tecnica.International
0
0
Comments
sign in to comment!
No comments posted yet!